 Dungeon Crawl Stone Soup version 0.29-a0-308-g4e025c60ea (webtiles) character file.

Game seed: 46874928354237362

38 Essalna the Gusty (level 3, -3/19 HPs)
             Began as a Tengu Air Elementalist on Mar 28, 2022.
             Slain by Terence
             ... wielding a +0 flail
              (6 damage)
             ... on level 2 of the Dungeon.
             The game lasted 00:02:09 (1274 turns).

Essalna the Gusty (Tengu Air Elementalist)          Turns: 1274, Time: 00:02:09

Health: -3/19      AC:  2    Str:  8    XL:     3   Next: 43%
Magic:  7/7        EV: 12    Int: 23    God:
Gold:   88         SH:  0    Dex: 14    Spells: 6/7 levels left

rFire   . . .      SeeInvis .   h - +2 dagger (venom)
rCold   . . .      Faith    .   (no shield)
rNeg    . . .      Spirit   .   a - +0 robe
rPois   .          Reflect  .   (helmet restricted)
rElec   .          Harm     .   (no cloak)
rCorr   .          Rampage  .   (no gloves)
Will    .....                   (boots unavailable)
Stlth   ++........              (no amulet)
HPRegen 0.06/turn               i - +6 ring of intelligence
MPRegen 0.10/turn               (no ring)

@: about to teleport
A: beak, talons 3
a: no special abilities


You were on level 2 of the Dungeon.
You visited 1 branch of the dungeon, and saw 2 of its levels.

You collected 88 gold pieces.

Inventory:

Hand Weapons
 h - a +2 dagger of venom (weapon)
Armour
 a - a +0 robe (worn)
Magical Staves
 d - a staff of earth
Jewellery
 i - a +6 ring of intelligence (left hand)
Scrolls
 k - a scroll of magic mapping {unknown}
Potions
 b - a potion of magic
 c - a potion of heal wounds {unknown}
 e - a potion of ambrosia {unknown}
 f - 2 potions of mutation {unknown}
 j - a potion of haste {unknown}
 l - a potion of brilliance {unknown}


   Skills:
 - Level 2.1 Dodging
 - Level 2.0 Stealth
 + Level 2.5 Spellcasting
 + Level 2.7 Conjurations
 + Level 4.7 Air Magic


You had 6 spell levels left.
You knew the following spells:

 Your Spells              Type           Power      Damage    Failure   Level
a - Shock                 Conj/Air       80%        1d8       2%          1

Your spell library contained the following spells:

 Spells                   Type           Power      Damage    Failure   Level
 Static Discharge         Conj/Air       20%        N/A       4%          2
 Swiftness                Air            24%        N/A       5%          3
 Airstrike                Air            12%        N/A       17%         4


Dungeon Overview and Level Annotations

Branches:
Dungeon (2/15)

Altars:

Annotations:
D:2 Terence


Innate Abilities, Weirdness & Mutations

You have a beak for a mouth.
You have claws for feet.


Message History

You kill the adder!
You can't see any susceptible monsters within range! (Use Z to cast anyway.)
You can't see any susceptible monsters within range! (Use Z to cast anyway.) Magic restored.
Found an escape hatch in the ceiling.
You can't see any susceptible monsters within range! (Use Z to cast anyway.)
A kobold comes into view. It is wielding a +0 whip.
A kobold is nearby!
The zap hits the kobold.
The kobold is severely wounded.
The kobold shouts!
The zap hits the kobold.
You kill the kobold!
You can't see any susceptible monsters within range! (Use Z to cast anyway.)
You can't see any susceptible monsters within range! (Use Z to cast anyway.)
You now have 81 gold pieces (gained 9).
k - a scroll labelled ZIOMUH WYIRIPHOM
f - 2 lumpy emerald potions (gained 1)
You now have 88 gold pieces (gained 7).
Things that are here:
a +0 whip; a kobold corpse
Found an escape hatch in the floor.
l - a dark potion Key pressed, stopping explore.
Terence, a quokka and a dart slug come into view.
The zap hits Terence.
Terence is moderately wounded.
Terence attacks as you move away! Terence misses you.
Terence attacks as you move away! Terence hits you with a +0 flail.
Terence attacks as you move away! Terence hits you with a +0 flail!
Terence attacks as you move away! Terence barely misses you.
Terence attacks as you move away! Terence hits you with a +0 flail.
* * * LOW HITPOINT WARNING * * *
Terence attacks as you move away! Terence closely misses you.
Okay, then.
As you read the scroll labelled XEUGHIR IFFI, it crumbles to dust.
You feel strangely unstable.
It was a scroll of teleportation.
Terence barely misses you. Terence attacks as you move away!
Terence hits you with a +0 flail.
You die...

#### #... ### #### #...
...############ #..### #...
..............########...#####...
.........w...r.@@................
.....###############..#....###..>
...... #....##.###... .##....
#.#........... .#.#..
#.#........### #...#w#.
#.###......### ##.....##
..###......).. ..# ..
.............. #...........


You could see Terence, a dart slug and a quokka.

Vanquished Creatures
  An adder (D:2)
  4 bats (D:1)
  6 endoplasms (D:1)
  3 goblins (D:1)
  4 hobgoblins (D:1)
  2 quokkas (D:1)
  3 kobolds
  A rat (D:1)
24 creatures vanquished.

Vanquished Creatures (others)
  2 plants (D:1)
2 creatures vanquished.

Grand Total: 26 creatures vanquished

Notes
Turn   | Place    | Note
-------+----------+-------------------------------------------
     0 | D:1      | Essalna the Tengu Air Elementalist began the quest for the
                  | Orb.
     0 | D:1      | Reached XP level 1. HP: 10/10 MP: 4/4
   261 | D:1      | Reached XP level 2. HP: 15/15 MP: 0/6
   889 | D:1      | Reached XP level 3. HP: 19/19 MP: 5/7
  1052 | D:1      | Found a faded altar of an unknown god.
  1259 | D:2      | Noticed Terence
  1274 | D:2      | Slain by Terence

Illustrated notes

Levels and vault maps discovered:
D:1:      mrwooster_arrival_arrow, layout_rooms, serial_forest,
          infiniplex_forest_clump_C, infiniplex_forest_clump_long,
          infiniplex_forest_pool, infiniplex_forest_clump_long,
          infiniplex_forest_straight_2, infiniplex_forest_clump_tiny,
          infiniplex_forest_straight_4, infiniplex_forest_lined_ring,
          infiniplex_forest_straight_2, infiniplex_forest_clump_tiny,
          dilly_ecumenical_altar_fadedgnrine
D:2:      layout_rooms, basic_altar, uniq_terence

Skill      XL: |  1  2 |
---------------+-------+-----
Conjurations   | 2 |  2.7
Dodging        | |  2.1
Stealth        | |  2.0
Spellcasting   | |  2.5
Air Magic      | |  4.7

Action                   || total
-------------------------++-------
Melee: Unarmed           ||     8
       Kick              ||     4
       Dagger            ||     8
       Peck              ||     1
 Cast: Shock             ||    43
  Use: Scroll            ||     1
Armor: Robe              ||    12
Dodge: Dodged            ||    18

Table legend: (Time is in decaauts)
 A = Elapsed time spent in this place.
 B = Non-inter-level travel time spent in this place.
 C = Inter-level travel time spent in this place.
 D = Time resting spent in this place.
 E = Time spent auto-exploring this place.
 F = Levels seen in this place.
 G = Mean time per level.
                   A        B        C        D        E       F      G
               +--------+--------+--------+--------+--------+-----+--------+
         Total |   1274 |   1256 |     18 |      0 |   1108 |   2 |  637.0 |
       Dungeon |   1274 |   1256 |     18 |      0 |   1108 |   2 |  637.0 |
               +--------+--------+--------+--------+--------+-----+--------+

Top non-repeatable levels by time:
     D:1: 1175 daAuts
     D:2: 98 daAuts
